 Dungeon Crawl Stone Soup version 0.22-a0-429-g97ce8ef (webtiles) character file.

32 Gorglomux the Ducker (level 3, -2/20 HPs)
             Began as a Spriggan Berserker on May 25, 2018.
             Slain by a polar bear (7 damage)
             ... created by the rage of Trog
             ... on level 2 of the Dungeon.
             The game lasted 00:01:16 (1559 turns).

Gorglomux the Ducker (Spriggan Berserker)           Turns: 1559, Time: 00:01:17

Health: -2/20      AC:  2    Str: 14    XL:     3   Next: 10%
Magic:  4/4        EV: 19    Int:  8    God:
Gold:   70         SH:  0    Dex: 15    Spells: 2/2 levels left

rFire    . . .     SeeInvis +   f - +0 short sword (distort)
rCold    . . .     Gourm    .   (shield restricted)
rNeg     . . .     Faith    .   b - +0 animal skin
rPois    .         Spirit   .   (helmet restricted)
rElec    .         Reflect  .   (no cloak)
rCorr    .         Harm     .   (gloves unavailable)
MR       .....                  (boots unavailable)
Stlth    ++........             (no amulet)
HPRegen  0.06/turn              (no ring)
MPRegen  0.09/turn              (no ring)

@: slowed, quick
A: very small, unfitting armour, see invisible, herbivore, speed 3, slow
metabolism 2
a: no special abilities


You were on level 2 of the Dungeon.
You were not hungry.

You visited 1 branch of the dungeon, and saw 2 of its levels.

You collected 70 gold pieces.

Inventory:

Hand Weapons
 a - a +0 short sword
 f - a +0 short sword of distortion (weapon)
Armour
 b - a +0 animal skin (worn)
Scrolls
 d - 3 scrolls of teleportation {unknown}
 h - a scroll of noise {unknown}
 i - a scroll of enchant armour {unknown}
Potions
 g - a potion of ambrosia {unknown}
 j - a potion of curing {unknown}
 k - a potion of might {unknown}
Comestibles
 c - 4 rations


   Skills:
 + Level 3.1 Fighting
 - Level 3.2 Short Blades
 - Level 4.4 Dodging
 - Level 2.8 Stealth


You had 2 spell levels left.
You didn't know any spells.
Your spell library was empty.

Dungeon Overview and Level Annotations

Branches:
Dungeon (2/15)

Altars:


Innate Abilities, Weirdness & Mutations

You are very small and have problems with some larger weapons.
You are too small for most types of armour.
You have supernaturally acute eyesight. (SInv)
You are a herbivore.
You cover ground extremely quickly.
You need to consume almost no food.


Message History

No target in view!!!
d - 3 scrolls labeled QYIFOE JET HOO (gained 1)
Found a stone staircase leading up!
Found a robe!
No target in view!!!
No target in view!!!
No target in view!!!
There is a stone staircase leading up here!
You see here a robe!
Trog sends monsters to punish you!
The divine experience drains your vigour!!!
You feel yourself slow down! 3 polar bears come into view!
The polar bear moves out of view!
You hear an angry growl!
The butt bear rages!
The polar bear bites you!!!
DANG; * * * butt't die
* * * The polar bear completely misses you!
The polar bear claws you!!! rip

#.# #.# #.# #.#
#.# #.# #.# #.#
#.# #.# #.# #.#
#.###.###### #.#
#.##..h....###
#.#
#.[..#####h..#
#.# ########...#
#h#[###.#
........<..#
#@......#
########...#
#...#####
###.#####...#
#.........#
##########......#
..........#####.#
##########.###.##
##.#.## ##.##


You could see 2 polar bears.

Vanquished Creatures
  An adder (D:2)
  A leopard gecko (D:1)
  5 bats
  2 giant cockroaches (D:1)
  A goblin (D:1)
  A hobgoblin (D:1)
  2 quokkas (D:2)
  4 frilled lizards
  4 kobolds
  2 rats (D:1)
23 creatures vanquished.

Notes
Turn   | Place    | Note
-------+----------+-------------------------------------------
     0 | D:1      | Gorglomux the Spriggan Berserker began the quest for the Orb.
     0 | D:1      | Reached XP level 1. HP: 11/11 MP: 2/2
     0 | D:1      | Fell from the grace of Trog
    17 | D:1      | Reached skill level 1 in Stealth
   461 | D:1      | Reached XP level 2. HP: 9/16 MP: 3/3
  1269 | D:2      | Reached skill level 3 in Fighting
  1269 | D:2      | Reached XP level 3. HP: 10/20 MP: 4/4
  1553 | D:2      | Noticed a polar bear
  1553 | D:2      | Noticed a polar bear
  1553 | D:2      | Noticed a polar bear
  1559 | D:2      | Slain by a polar bear

Vault maps used:
D:1:      elethiomel_arrival_shortcut
D:2:      minivault_23

Skill      XL: |  1  2 |
---------------+-------+-----
Stealth        | 2 |  2.8
Fighting       | 3 |  3.1
Short Blades   | |  3.2
Dodging        | |  4.4

Action                   || total
-------------------------++-------
Melee: Short sword       ||    91
Invok: Renounce Religion ||     1
  Use: Potion            ||     1
 Stab: Sleeping          ||     7
Armor: Animal skin       ||    14
Dodge: Dodged            ||    69

Table legend:
 A = Spawn XP
 B = Non-spawn XP
 C = Spawn XP percentage of total XP
 D = Spawn monster count
 E = Non-spawn monster count
 F = Spawn count percentage of total count
 G = Total turns spent on level
                    A         B        C        D         E        F      G
               +---------+---------+-------+---------+---------+-------+---------
         Total |       0 |      47 |   0.0 |       0 |      23 |   0.0 |  1559
               +---------+---------+-------+---------+---------+-------+---------
           D:1 |       0 |      26 |   0.0 |       0 |      16 |   0.0 |  1371
           D:2 |       0 |      21 |   0.0 |       0 |       7 |   0.0 |   188
               +---------+---------+-------+---------+---------+-------+---------
